 Dungeon Crawl Stone Soup version 0.20.0-6-gd3061e9 (webtiles) character file.

4864 ghjk the Cleaver (level 10, -6/88 HPs)
             Began as a Minotaur Fighter on May 28, 2017.
             Was a Believer of Okawaru.
             Mangled by a two-headed ogre
             ... wielding a +0 dire flail
              (12 damage)
             ... on level 9 of the Dungeon.
             The game lasted 00:11:16 (7333 turns).

ghjk the Cleaver (Minotaur Fighter)                 Turns: 7333, Time: 00:11:17

Health: -6/88      AC: 10    Str: 29    XL:     10   Next: 26%
Magic:  9/9        EV: 10    Int:  5    God:    Okawaru [**....]
Gold:   399        SH: 11    Dex:  9    Spells: 9/9 levels left

rFire    . . .     SeeInvis .   x - +3 war axe (venom)
rCold    . . .     Gourm    .   c - +0 shield
rNeg     . . .     Faith    .   b - +0 scale mail
rPois    .         Spirit   .   (helmet restricted)
rElec    .         Reflect  .   F - +0 cloak
rCorr    .         Harm     .   (no gloves)
MR       .....                  (no boots)
Stlth    ..........             (no amulet)
Regen    0.3/turn               (no ring)
MPRegen  0.2/turn               p - +4 ring of strength

@: no status effects
A: retaliatory headbutt, horns 2
a: Heroism, Renounce Religion


You were on level 9 of the Dungeon.
You worshipped Okawaru.
Okawaru was pleased with you.
You were very hungry.

You visited 2 branches of the dungeon, and saw 10 of its levels.
You also visited: Ossuary.

You collected 451 gold pieces.
You spent 52 gold pieces at shops.

Inventory:

Hand Weapons
 v - a +2 flail of crushing
 x - a +3 war axe of venom (weapon)
Armour
 b - a +0 scale mail (worn)
 c - a +0 shield (worn)
 F - a +0 cloak (worn)
Jewellery
 a - a +2 ring of protection
 p - a +4 ring of strength (right hand)
 t - an uncursed ring of loudness
 y - an uncursed ring of protection from magic
Wands
 u - a wand of confusion (21/48)
 w - a wand of acid (7/15)
 B - a wand of paralysis (16/24)
 E - a wand of flame (30/48)
 G - a wand of iceblast (6/15)
 H - a wand of confusion (20/48)
Scrolls
 e - 6 scrolls of teleportation
 i - 4 scrolls of blinking
 j - a scroll of noise {unknown}
 r - a scroll of fear
 D - a scroll of magic mapping
 I - a scroll of identify
Potions
 d - 2 potions of might
 g - 2 potions of cancellation
 k - 2 potions of brilliance
 l - a potion of heal wounds
 m - 5 potions of curing
 n - 2 potions of resistance
 s - a potion of flight
 z - a potion of invisibility
 A - a potion of lignification
 C - 3 potions of agility
Comestibles
 f - 5 bread rations
 h - 9 meat rations
 q - a royal jelly


   Skills:
 + Level 8.2 Fighting
 + Level 11.9 Axes
 + Level 9.7 Armour
 + Level 4.1 Dodging
 + Level 0.8 Stealth
 - Level 6.0 Shields


You had 9 spell levels left.
You didn't know any spells.

Dungeon Overview and Level Annotations

Branches:
Dungeon (8/15)             Temple (1/1) D:7            Lair (0/6) D:8

Altars:
Ashenzari
Cheibriados
Dithmenos
Elyvilon
Fedhas
Gozag
Hepliaklqana
Kikubaaqudgha
Makhleb
Nemelex Xobeh
Okawaru
Qazlal
Ru
Sif Muna
Trog
Uskayaw
Vehumet
Xom
Yredelemnul
Zin
The Shining One

Shops:
D:3 *   D:4 %   D:9 *


Innate Abilities, Weirdness & Mutations

You reflexively headbutt those who attack you in melee.
You have a pair of horns on your head.


Message History

The killer bee closely misses you.
You slash the killer bee!
You kill the killer bee!
Okawaru accepts your kill.
A two-headed ogre comes into view.
It is wielding a dire flail and a giant club.
You hit the two-headed ogre.
The two-headed ogre is poisoned.
The two-headed ogre is lightly wounded.
You block the two-headed ogre's attack.
The two-headed ogre hits you but does no damage.
The two-headed ogre hits you with a dire flail.
The two-headed ogre hits you with a giant club!!
* * * LOW HITPOINT WARNING * * *
You are feeling very hungry.
The two-headed ogre looks more healthy.
You slash the two-headed ogre!
The two-headed ogre is poisoned.
The two-headed ogre is heavily wounded.
The two-headed ogre hits you with a dire flail!
* * * LOW HITPOINT WARNING * * *
The two-headed ogre hits you with a giant club!
You die...

.# #.###### )#
##.#######. .#
#.......... )#
#..######## >#
#..####### .#
#......... .#
#.########
.######### #...#
.##......#####..@#
........O.......O#
####.##########..#
#.# #..# #.# #..#
#.# #..# #O#
#####..# #.#
#......# #.#
+.P⌠...#


You could see a two-headed ogre.

Vanquished Creatures
  A two-headed ogre (D:9)
  The ghost of Monsterracer the Chopper, a novice FoAK of Lugonu (D:4)
  A hippogriff (D:9)
  A wyvern (D:9)
  Eustachio (D:6)
  2 wraiths (Ossuary)
  Edmund (D:5)
  A black bear (D:6)
  A phantom (D:6)
  3 centaurs
  6 ogres
  A big kobold (D:7)
  2 bullfrogs
  Blork the orc (D:5)
  A gnoll sergeant (D:9)
  2 scorpions
  8 killer bees (D:9)
  2 wights (Ossuary)
  3 howler monkeys
  2 crimson imps (D:6)
  A centaur zombie (Ossuary)
  5 orc priests
  A jelly (D:9)
  7 orc wizards
  3 hounds
  Crazy Yiuf (D:7)
  A centaur skeleton (D:6)
  6 iguanas
  A worker ant (D:5)
  A hound skeleton (D:4)
  A howler monkey zombie (D:5)
  2 worker ant zombies (D:5)
  9 gnolls
  8 adders
  A shadow imp (D:5)
  2 adder zombies
  3 adder skeletons
  2 worms
  3 dart slugs
  5 leopard geckos
  26 orcs
  8 giant cockroaches
  4 goblins
  5 hobgoblins
  12 jackals
  3 quokkas
  A ball python (D:1)
  3 ball python skeletons (Ossuary)
  10 bats
  2 frilled lizards
  A hobgoblin skeleton (Ossuary)
  A hobgoblin zombie (Ossuary)
  A jackal zombie (D:7)
  6 kobolds
  A kobold zombie (Ossuary)
  An orc skeleton (Ossuary)
  12 rats
  A plant (D:9)
202 creatures vanquished.

Notes
Turn   | Place    | Note
-------+----------+-------------------------------------------
     0 | D:1      | ghjk the Minotaur Fighter began the quest for the Orb.
     0 | D:1      | Reached XP level 1. HP: 19/19 MP: 0/0
   196 | D:1      | Reached XP level 2. HP: 27/27 MP: 1/1
   646 | D:2      | Reached skill level 3 in Axes
   646 | D:2      | Reached XP level 3. HP: 30/33 MP: 2/2
   669 | D:2      | Found a shimmering altar of Xom.
  1263 | D:3      | Reached XP level 4. HP: 11/40 MP: 3/3
  1528 | D:3      | Found Gozag's Platinum Reserve.
  1559 | D:3      | Found an opulent altar of Gozag.
  1728 | D:3      | Found a snail-covered altar of Cheibriados.
  2312 | D:4      | Reached skill level 1 in Dodging
  2312 | D:4      | Reached XP level 5. HP: 33/46 MP: 4/4
  2315 | D:4      | Reached skill level 4 in Axes
  2686 | D:4      | Reached XP level 6. HP: 43/53 MP: 5/5
  2688 | D:4      | Reached skill level 5 in Shields
  2754 | D:4      | Reached skill level 5 in Armour
  2830 | D:4      | Found Icerud's Food Emporium.
  2926 | D:4      | Reached skill level 5 in Axes
  3257 | D:4      | Noticed Monsterracer's ghost (novice FoAK)
  3273 | D:4      | Killed Monsterracer's ghost
  3273 | D:4      | Reached skill level 5 in Fighting
  3273 | D:4      | Reached skill level 6 in Axes
  3273 | D:4      | Reached XP level 7. HP: 23/61 MP: 6/6
  3611 | D:5      | Entered Level 5 of the Dungeon
  3611 | D:5      | Noticed Edmund
  3621 | D:5      | Killed Edmund
  3621 | D:5      | Reached XP level 8. HP: 54/68 MP: 7/7
  3694 | D:5      | Noticed Blork the orc
  3697 | D:5      | Killed Blork the orc
  3752 | D:5      | Reached skill level 7 in Axes
  4118 | D:5      | Got a dazzling chain mail
  4129 | D:5      | Identified the cursed +1 chain mail "Ahathuc" {rC+ rN+ Dex-4} (You found it on level 5 of the Dungeon)
  4642 | D:5      | Reached skill level 8 in Axes
  4841 | D:6      | Reached skill level 9 in Axes
  4883 | D:6      | Noticed Eustachio
  4913 | D:6      | Killed Eustachio
  4913 | D:6      | Reached XP level 9. HP: 49/78 MP: 8/8
  4964 | D:6      | Found a snail-covered altar of Cheibriados.
  5259 | D:6      | Found a sand-covered staircase.
  5268 | Ossuary  | Entered an ossuary
  5461 | Ossuary  | Reached skill level 10 in Axes
  5934 | D:7      | Found a staircase to the Ecumenical Temple.
  5949 | Temple   | Entered the Ecumenical Temple
  6052 | Temple   | Became a worshipper of Warmaster Okawaru
  6481 | D:7      | Found a runed door.
  6603 | D:7      | Found a sparkling altar of Nemelex Xobeh.
  6727 | D:7      | Noticed Crazy Yiuf
  6730 | D:7      | Killed Crazy Yiuf
  6818 | D:8      | Found a staircase to the Lair.
  6828 | D:8      | You fall through a shaft!
  6893 | D:9      | Reached skill level 11 in Axes
  6905 | D:9      | Found Berhoc's General Store.
  6910 | D:9      | Bought a scroll of magic mapping for 52 gold pieces
  6964 | D:9      | Reached * piety under Okawaru
  7206 | D:9      | Noticed a two-headed ogre
  7211 | D:9      | Killed a two-headed ogre
  7211 | D:9      | Reached XP level 10. HP: 66/88 MP: 9/9
  7257 | D:9      | Reached ** piety under Okawaru
  7284 | D:9      | Noticed a two-headed ogre
  7333 | D:9      | Mangled by a two-headed ogre

Skill      XL: |  1  2  3  4  5  6  7  8  9 |
---------------+----------------------------+-----
Shields        | 4 5 6 |  6.0
Axes           | 3 4 6 9 11 | 11.9
Armour         | 4 5 6 7 9 |  9.7
Fighting       | 4 5 6 8 |  8.2
Dodging        | 1 2 3 4 |  4.1
Stealth        | |  0.8

Action                   |  1- 3 |  4- 6 |  7- 9 | 10-12 || total
-------------------------+-------+-------+-------+-------++-------
Melee: War axe           |    90 |   150 |   254 |    24 ||   518
       Headbutt          |    13 |    22 |    41 |     4 ||    80
  Use: Scroll            |       |       |    19 |     1 ||    20
  Eat: Chunk             |     1 |     4 |     9 |       ||    14
       Royal jelly       |       |     1 |     2 |       ||     3
Armor: Scale mail        |    37 |    50 |    16 |    10 ||   113
       Chain mail        |       |       |    74 |       ||    74
Dodge: Dodged            |    36 |    44 |    73 |    10 ||   163
Block: Shield            |    53 |    79 |   116 |    11 ||   259
